 Dungeon Crawl Stone Soup version 0.30-a0-860-g512cf1e979 (webtiles) character file.

Game seed: 443049612844748696

1768 cforsyth the Thaumaturge (level 8, -14/41 HPs)
             Began as a Deep Elf Earth Elementalist on Mar 7, 2023.
             Demolished by an ogre
             ... wielding a +0 giant club
              (26 damage)
             ... on level 6 of the Dungeon.
             The game lasted 00:08:27 (5589 turns).

cforsyth the Thaumaturge (DEEE)                     Turns: 5589, Time: 00:08:28

Health: -14/41     AC:  4    Str:  5    XL:     8   Next: 80%
Magic:  21/24      EV: 13    Int: 23    God:
Gold:   322        SH:  0    Dex: 21    Spells: 27/28 levels left

rFire   . . .      SeeInvis .    (no weapon)
rCold   . . .      Faith    .    (no shield)
rNeg    . . .      Spirit   .    a - +0 robe
rPois   .          Reflect  .    (no helmet)
rElec   .          Rampage  .    o - +0 cloak
rCorr   .                        (no gloves)
Will    +....                    f - +0 pair of boots
Stlth   ++                       (no amulet)
HPRegen 0.26/turn                q - ring of willpower
MPRegen 0.19/turn                r - +6 ring of dexterity

@: no status effects
A: no striking features
a: no special abilities


You were on level 6 of the Dungeon.
You visited 2 branches of the dungeon, and saw 7 of its levels.
You also visited: Sewer.

You collected 322 gold pieces.

Inventory:

Missiles
 k - a throwing net
Armour
 a - a +0 robe (worn)
 f - a +0 pair of boots (worn)
 o - a +0 cloak (worn)
Jewellery
 d - a ring of fire
 q - a ring of willpower (left hand)
 r - a +6 ring of dexterity (right hand)
 u - a ring of protection from fire
 z - an amulet of regeneration
Wands
 i - a wand of polymorph (2)
 t - a wand of flame (18)
Scrolls
 g - 2 scrolls of identify
 h - 2 scrolls of fear
 p - a scroll of magic mapping {unknown}
 v - 2 scrolls of butterflies
 w - 2 scrolls of teleportation
 y - 2 scrolls of vulnerability
Potions
 b - 3 potions of magic
 c - 2 potions of brilliance
 e - 2 potions of heal wounds {unknown}
 j - 2 potions of attraction
 l - 4 potions of flight
 m - a potion of curing
 n - a potion of might
 s - 2 potions of lignification
 x - a potion of cancellation


   Skills:
 - Level 2.4 Dodging
 - Level 2.4 Stealth
 + Level 10.9 Spellcasting
 - Level 1.1 Transmutations
 + Level 9.4 Earth Magic


You had 27 spell levels left.
You knew the following spells:

 Your Spells              Type           Power      Damage    Failure   Level
a - Sandblast             Erth           100%       2d20      1%          1

Your spell library contained the following spells:

 Spells                   Type           Power      Damage    Failure   Level
 Passwall                 Tmut/Erth      30%        N/A       1%          2
 Stone Arrow              Conj/Erth      68%        3d11      2%          3
 Apportation              Tloc           24%        N/A       5%          1
 Magic Dart               Conj           48%        1d5       5%          1
 Petrify                  Tmut/Erth      36%        N/A       6%          4
 Searing Ray              Conj           24%        2d5       8%          2
 Hailstorm                Conj/Ice       12%        3d5       16%         3
 Ice Form                 Ice/Tmut       15%        N/A       38%         4
 Fulminant Prism          Conj/Hex       6%         3d7       45%         4
 Alistair's Intoxication  Tmut/Pois      10%        N/A       75%         5
 Simulacrum               Ice/Necr       6%         N/A       100%        6


Dungeon Overview and Level Annotations

Branches:
Dungeon (6/15)             Temple (1/1) D:4           Sewer (visited)

Altars:
Ashenzari
Cheibriados
Dithmenos
Elyvilon
Fedhas
Gozag
Hepliaklqana
Kikubaaqudgha
Nemelex Xobeh
Okawaru
Qazlal
Ru
Sif Muna
Trog
Uskayaw
Xom
Yredelemnul
Zin
The Shining One

Shops:
D:2 *   D:3 ?


Message History

There is an open door here.
You now have 308 gold pieces (gained 8).
You now have 318 gold pieces (gained 10).
Key pressed, stopping explore.
You now have 322 gold pieces (gained 4).
An ogre comes into view. It is wielding a +0 giant club.
Found 35 gold pieces and a ring mail.
An ogre is nearby!
An ogre is nearby!
An ogre is nearby!
An ogre is nearby!
An iguana comes into view.
The blast of sand hits the iguana but does no damage.
The iguana hisses angrily.
The ogre shouts!
You hear a shout!
The blast of sand hits the iguana!
The iguana is heavily wounded.
The iguana barely misses you.
The blast of sand hits the iguana.
The iguana is almost dead.
The ogre hits you with a +0 giant club!!
Ouch! That really hurt!
* * * LOW HITPOINT WARNING * * *
The iguana closely misses you.
An ogre comes into view. It is wielding a +0 giant club.
The iguana barely misses you.
You are too injured to fight recklessly!
You are too injured to fight recklessly!
Unknown command.
The iguana attacks as you move away! The iguana barely misses you.
Unknown command.
Casting: Sandblast (safe; 1% risk of failure)
Confirm with . or Enter, or press ? or * to list all spells.
Aiming: Sandblast (safe; 1% risk of failure)
Press: ? - help, Shift-Dir - straight line, f/p - iguana
Aim: an iguana (almost dead, 87% to hit)
The blast of sand hits the ogre!
The ogre is heavily wounded.
The ogre hits you with a +0 giant club!!
Ouch! That really hurt!
You die...

#.. #O.# ##.. #.$# ...
#... #.. ... # . ##..
..###.#.. #.. #.......#
#.############ #........
####.....#.....###........
................@Ol.....$.
##################...$....
#........ #........
######.[. ###


You could see an ogre and an iguana.

Vanquished Creatures
  Grinder (D:4)
  Sigmund (D:5)
  Eustachio (D:5)
  A water moccasin (Sewer)
  2 black bears
  An ice beast (D:5)
  An ogre (D:6)
  2 phantoms
  A scorpion (D:5)
  3 hounds (D:5)
  A jelly (D:5)
  2 orc priests (D:3)
  4 iguanas
  Ijyb (D:5)
  2 orc wizards (D:5)
  A sleepcap (D:5)
  7 adders
  3 gnolls (D:5)
  A shadow imp (D:5)
  A worm (D:2)
  A dart slug (D:1)
  16 orcs
  4 ball pythons
  5 endoplasms
  8 giant cockroaches
  9 goblins
  4 hobgoblins
  9 jackals
  4 quokkas
  3 bats
  A frilled lizard (D:3)
  5 kobolds
  5 rats
111 creatures vanquished.

Notes
Turn   | Place    | Note
-------+----------+-------------------------------------------
     0 | D:1      | cforsyth the Deep Elf Earth Elementalist began the quest
                  | for the Orb.
     0 | D:1      | Reached XP level 1. HP: 10/10 MP: 6/6
   171 | D:1      | Reached XP level 2. HP: 15/15 MP: 5/8
   693 | D:1      | Reached skill level 4 in Spellcasting
   913 | D:2      | Reached XP level 3. HP: 15/19 MP: 4/10
  1005 | D:2      | Found a faded altar of an unknown god.
  1103 | D:2      | Found Nulet's General Store.
  1638 | D:3      | Found Ynguibuf's Magic Scroll Emporium.
  1648 | D:3      | Reached XP level 4. HP: 19/24 MP: 5/12
  1822 | D:3      | Reached skill level 5 in Spellcasting
  2132 | D:3      | Reached skill level 5 in Earth Magic
  2132 | D:3      | Reached XP level 5. HP: 28/28 MP: 11/15
  2404 | D:3      | Found a glowing silver altar of Zin.
  2679 | D:4      | Found a staircase to the Ecumenical Temple.
  2682 | D:4      | Found the +6 shillelagh "Devastator" {shatter}
  2708 | D:4      | Noticed Grinder
  2714 | D:4      | Paralysed by Grinder for 3 turns
  2725 | D:4      | Killed Grinder
  2726 | D:4      | Reached skill level 7 in Spellcasting
  2726 | D:4      | Reached XP level 6. HP: 12/32 MP: 7/18
  2768 | D:4      | Found a glowing drain.
  2798 | Sewer    | Entered a sewer
  2914 | Sewer    | Noticed a water moccasin
  2916 | Sewer    | Killed a water moccasin
  2917 | Sewer    | Reached XP level 7. HP: 36/36 MP: 20/20
  3091 | Temple   | Entered the Ecumenical Temple
  3590 | D:4      | Reached skill level 8 in Spellcasting
  4019 | D:5      | Entered Level 5 of the Dungeon
  4019 | D:5      | Noticed Ijyb
  4024 | D:5      | Killed Ijyb
  4147 | D:5      | Found a blossoming altar of Fedhas.
  4171 | D:5      | Reached skill level 9 in Spellcasting
  4293 | D:5      | Reached XP level 8. HP: 41/41 MP: 21/23
  4388 | D:5      | Noticed Eustachio
  4400 | D:5      | Killed Eustachio
  4663 | D:5      | Found a white marble altar of Elyvilon.
  4689 | D:5      | Noticed Sigmund
  4693 | D:5      | Killed Sigmund
  4694 | D:5      | Reached skill level 10 in Spellcasting
  5517 | D:6      | Identified the +6 flail of Intodeh {freeze, rElec rPois
                  | rF++ Str-2}
  5589 | D:6      | Demolished by an ogre

Illustrated notes

Levels and vault maps discovered:
D:1:      dpeg_arrival_signposts, layout_basic
D:2:      layout_loops_ring, shapermc_ecumenical_altar_acropolis, serial_shops,
          shop, minmay_split_cup_small
D:3:      layout_loops_ring, mainiacjoe_overflow_alcove_1, serial_shops, shop
D:4:      layout_loops_corners, minmay_temple_entry_offerings,
          gup_sewer_entry_pipe, uniq_grinder
D:5:      layout_layer_cave, mainiacjoe_overflow_divided_tiny, uniq_eustachio,
          uniq_sigmund, uniq_ijyb
D:6:      cheibrodos_fertilizer, layout_rooms, dk_noncrumbling_3,
          minmay_misc_feat_square, serial_bayou_lagoon_a
Temple:   compressed_dpeg_triangle_lava_temple

Skill      XL: |  1  2  3  4  5  6  7  8 |
---------------+-------------------------+-----
Spellcasting   | 4 5 7 9 10 | 10.9
Earth Magic    | 4 5 6 7 9 |  9.4
Dodging        | |  2.4
Stealth        | |  2.4
Transmutations | |  1.1

Action                     |  1- 3 |  4- 6 |  7- 9 || total
---------------------------+-------+-------+-------++-------
  Melee: Unarmed           |       |       |     2 ||     2
   Cast: Sandblast         |    46 |    56 |    70 ||   172
  Evoke: Wand              |       |     2 |     3 ||     5
    Use: Scroll            |       |    16 |       ||    16
         Potion            |       |     1 |       ||     1
 Armour: Robe              |     5 |     6 |     5 ||    16
  Dodge: Dodged            |    11 |    22 |    22 ||    55

Table legend: (Time is in decaauts)
 A = Elapsed time spent in this place.
 B = Non-inter-level travel time spent in this place.
 C = Inter-level travel time spent in this place.
 D = Time resting spent in this place.
 E = Time spent auto-exploring this place.
 F = Levels seen in this place.
 G = Mean time per level.
                   A        B        C        D        E       F      G
               +--------+--------+--------+--------+--------+-----+--------+
         Total |   5692 |   5536 |    156 |     52 |   4699 |   8 |  711.5 |
       Dungeon |   5226 |   5082 |    144 |     52 |   4307 |   6 |  871.0 |
        Temple |    281 |    269 |     12 |      0 |    262 |   1 |  281.0 |
         Sewer |    184 |    184 |      0 |      0 |    129 |   1 |  184.0 |
               +--------+--------+--------+--------+--------+-----+--------+

Top non-repeatable levels by time:
     D:5: 1410 daAuts
     D:4: 1040 daAuts
     D:3: 933 daAuts
     D:1: 836 daAuts
     D:2: 820 daAuts
  Temple: 281 daAuts
   Sewer: 184 daAuts
     D:6: 183 daAuts
